 Dungeon Crawl Stone Soup version 0.29-a0-504-gec6baf379c (console) character file.

Game seed: 12827314544505965137

113 Faeu the Vandal (level 4, -5/41 HPs)
             Began as a Minotaur Hunter on May 28, 2022.
             Slain by an orc warrior
             ... wielding a +0 long sword
              (6 damage)
             ... on level 3 of the Dungeon.
             The game lasted 00:03:21 (2138 turns).

Faeu the Vandal (Minotaur Hunter)                   Turns: 2138, Time: 00:03:22

Health: -5/41      AC:  3    Str: 15    XL:     4   Next: 65%
Magic:  3/3        EV: 12    Int:  6    God:
Gold:   159        SH:  0    Dex: 16    Spells: 3/3 levels left

rFire   . . .      SeeInvis .   a - +1 hunting sling {sling}
rCold   . . .      Faith    .   (no shield)
rNeg    . . .      Spirit   .   b - +0 leather armour
rPois   .          Reflect  .   (helmet restricted)
rElec   .          Harm     .   (no cloak)
rCorr   +          Rampage  .   (no gloves)
Will    .....                   (no boots)
Stlth   +.........              (no amulet)
HPRegen 0.13/turn               l - ring of resist corrosion
MPRegen 0.08/turn               r - ring of wizardry

@: no status effects
A: horns 2, retaliatory headbutt
a: no special abilities


You were on level 3 of the Dungeon.
You visited 1 branch of the dungeon, and saw 4 of its levels.

You collected 159 gold pieces.


Innate Abilities, Weirdness & Mutations

You have a pair of horns on your head.
You reflexively headbutt those who attack you in melee.


   Skills:
 + Level 4.5 Fighting
 + Level 5.6 Slings
 - Level 2.1 Dodging
 - Level 0.7 Stealth


You had 3 spell levels left.
You didn't know any spells.
Your spell library contained the following spells:

 Spells                   Type           Power      Damage    Failure   Level
 Ensorcelled Hibernation  Hex/Ice        0%         N/A       34%         2
 Passwall                 Tmut/Erth      0%         N/A       34%         2
 Swiftness                Air            0%         N/A       56%         3

Inventory:

Hand Weapons
 a - a +1 hunting sling (weapon) {sling}
Armour
 b - a +0 leather armour (worn)
 f - a +0 leather armour
   (You found it on level 1 of the Dungeon)
 k - a +0 robe
   (You found it on level 1 of the Dungeon)
 v - a +0 chain mail
   (You found it on level 3 of the Dungeon)
 w - a +0 robe
   (You took it off an orc wizard on level 4 of the Dungeon)
Jewellery
 l - a ring of resist corrosion (left hand)
   (You found it on level 1 of the Dungeon)
 r - a ring of wizardry (right hand)
   (You found it on level 3 of the Dungeon)
 t - a ring of fire
   (You found it on level 3 of the Dungeon)
 u - an amulet of magic regeneration {@e2}
   (You took it off a hobgoblin on level 3 of the Dungeon)
Scrolls
 c - a scroll of immolation {!r!r}
 e - a scroll of silence {unknown}
 i - a scroll of blinking {unknown}
 n - 2 scrolls of amnesia {unknown}
 p - 3 scrolls of teleportation {unknown}
 q - 2 scrolls of identify {unknown}
 s - a scroll of enchant armour {unknown}
Potions
 d - 2 potions of curing {unknown}
 g - 2 potions of heal wounds {unknown}
 h - 3 potions of lignification {unknown}
 j - 3 potions of brilliance {unknown}
 m - 2 potions of flight {unknown}
 o - a potion of degeneration {unknown}

Dungeon Overview and Level Annotations

Branches:
Dungeon (4/15)
 Temple: D:4-7

Altars:

Shops:
D:3

= ..# #.......# .##
#.......# ..##
#.......# ...#
#.......#
##.###.....<.#
###.....#####
###..≈≈≈..#
..#.§§§≈≈.#
#.#.≈§≈≈≈.#
#.#.≈§§≈≈.###########
..#.§≈§≈..#....o@)..#
..##..∩..###.########
..##########....#.####
..#.#.........#.#....#
..#.#..##.##.##.#..#.#
..#.##.##.##.##)##.#.#
..#.....#.##.##.##.#.#
#######.#.##.##......#
###......#.....### ##
#.....##.#.##### .#
#.##.###.#.######


You could see an orc warrior.


Message History

An orc wizard comes into view. It is wielding a +0 dagger.
You shoot a sling bullet. The sling bullet hits the orc wizard.
An orc wizard is nearby!
You shoot a sling bullet. The sling bullet hits the orc wizard.
An orc wizard is nearby!
You shoot a sling bullet. The sling bullet hits the orc wizard.
An orc wizard is nearby!
You shoot a sling bullet. The sling bullet hits the orc wizard.
An orc wizard is nearby!
You shoot a sling bullet.
The sling bullet barely misses the orc wizard.
The orc wizard casts a spell.
The orc wizard flickers and vanishes!
Deactivating autopickup; reactivate with Ctrl-A.
There is a strange disturbance nearby!
No target in view!
Fire: a) +1 hunting sling {sling}
Press: ? - help, Q - select action Shift-Dir - straight line You shoot a sling bullet.
Reactivating autopickup.
You feel a bit more experienced. 😎 HP[+1]
You now have 41 max hp (+1).
w - a +0 robe You see here a +0 dagger {short}.
No target in view!
An orc and a hobgoblin come into view.
The hobgoblin shouts!
An orc comes into view. It is wielding a +0 hand axe.
An orc warrior comes into view. It is wielding a +0 long sword.
You shoot a sling bullet. The sling bullet barely misses the orc.
The orc warrior shouts!
The orc shouts!
The sling bullet hits the orc warrior but does no damage.
The orc hits you but does no damage.
There are monsters nearby!
You shoot a sling bullet. The sling bullet hits the orc.
The orc barely misses you. The orc attacks as you move away!
The orc hits you but does no damage.
There is a stone staircase leading up here.
The orc barely misses you.
You climb upwards.
There is a stone staircase leading down here.
There are monsters nearby!
You shoot a sling bullet. The sling bullet hits the orc!
You kill the orc!
The orc warrior hits you with a +0 long sword. 😕 HP[-5]
You take 5 damage, and now have 36/41 hp.
An orc warrior is nearby!
You shoot a sling bullet.
The sling bullet barely misses the orc warrior.
The orc warrior hits you with a +0 long sword! 😮 HP[-8]
You take 8 damage, and now have 28/41 hp.
An orc warrior is nearby!
You are too injured to fight recklessly!
An orc warrior is nearby!
You are too injured to fight recklessly!
Fire: a) +1 hunting sling {sling}
Press: ? - help, Q - select action Shift-Dir - straight line, f/p - orc warrior
Aim: an orc warrior, wielding a +0 long sword and wearing a +0 chain mail (60% to hit)
You shoot a sling bullet.
The sling bullet barely misses the orc warrior.
The orc warrior sings a few bars from the Orcish anthem.
The orc warrior hits you with a +0 long sword!
* * * LOW HITPOINT WARNING * * *
The orc warrior hits you with a +0 long sword!
* * * LOW HITPOINT WARNING * * *
😨 HP[-17]
You take 17 damage, and now have 11/41 hp.
MASSIVE DAMAGE!! (PAUSE) Fire: a) +1 hunting sling {sling}
Press: ? - help, Q - select action Shift-Dir - straight line, f/p - orc warrior
Aim: an orc warrior, wielding a +0 long sword and wearing a +0 chain mail (60% to hit)
You shoot a sling bullet.
The sling bullet hits the orc warrior but does no damage.
The orc warrior hits you with a +0 long sword.
* * * LOW HITPOINT WARNING * * *
😱 HP[-1]
You take 1 damage, and now have 10/41 hp.
Fire: a) +1 hunting sling {sling}
Press: ? - help, Q - select action Shift-Dir - straight line, f/p - orc warrior
Aim: an orc warrior, wielding a +0 long sword and wearing a +0 chain mail (60% to hit)
You shoot a sling bullet.
The sling bullet closely misses the orc warrior.
The orc warrior hits you with a +0 long sword!
* * * LOW HITPOINT WARNING * * *
😱 HP[-7]
You take 7 damage, and now have 3/41 hp.
Sorry, you're not good enough to have a special ability.
You don't know any spells.
You aren't carrying any items that you can evoke.
You closely miss the orc warrior. The orc warrior barely misses you.
The orc warrior hits you with a +0 long sword.
* * * LOW HITPOINT WARNING * * *
😱 HP[-2]
You take 2 damage, and now have 1/41 hp.
You clumsily bash the orc warrior but do no damage.
The orc warrior hits you with a +0 long sword.
You die...

Skill      XL: |  1  2  3 |
---------------+----------+-----
Fighting       | 3 4 |  4.5
Slings         | 5 |  5.6
Dodging        | |  2.1
Stealth        | |  0.7

Action                   |  1- 3 |  4- 6 || total
-------------------------+-------+-------++-------
Melee: Hunting sling     |     2 |     2 ||     4
 Fire: Hunting sling     |   119 |    29 ||   148
Armor: Leather armour    |     9 |     2 ||    11
Dodge: Dodged            |    28 |     3 ||    31

Levels and vault maps discovered:
D:1:      ncdulo_watergridlock, layout_basic,
          hellmonk_ecumenical_altar_leap_of_faith
D:2:      layout_basic, uniq_natasha, uniq_terence
D:3:      layout_basic, serial_shops, nicolae_lakefront_shop
D:4:      layout_cave_pools, nicolae_overflow_squiral, serial_shops, shop,
          minivault_24, uniq_blork_the_orc

Notes
Turn   | Place    | Note
-------+----------+-------------------------------------------
     0 | D:1      | Faeu the Minotaur Hunter began the quest for the Orb.
     0 | D:1      | Reached XP level 1. HP: 18/18 MP: 0/0
     0 | D:1      | magus.rc [v1.9.6]
   107 | D:1      | You pick up a book of Burglary and begin reading...
   107 | D:1      | You add the spells Passwall, Ensorcelled Hibernation and
                  | Swiftness to your library.
   170 | D:1      | Reached XP level 2. HP: 25/25 MP: 1/1
   250 | D:1      | Reached skill level 3 in Fighting
   418 | D:1      | Found a faded altar of an unknown god.
   979 | D:2      | Reached skill level 5 in Slings
   979 | D:2      | Reached XP level 3. HP: 24/31 MP: 2/2
  1252 | D:2      | Reached skill level 4 in Fighting
  1608 | D:3      | Reached XP level 4. HP: 40/40 MP: 3/3
  1707 | D:3      | Found Oxexaze's Jewellery Boutique.
  2122 | D:4      | Noticed an orc warrior
  2135 | D:3      | HP: 10/41 [orc warrior/+0 long sword (1)]
  2136 | D:3      | HP: 3/41 [orc warrior/+0 long sword (7)]
  2137 | D:3      | HP: 1/41 [orc warrior/+0 long sword (2)]
  2138 | D:3      | Slain by an orc warrior

Vanquished Creatures
  An orc wizard (D:4)
  4 adders
  A worm (D:2)
  A dart slug (D:2)
  An orc (D:3)
  5 ball pythons
  5 endoplasms
  4 giant cockroaches
  4 goblins
  A hobgoblin (D:3)
  4 kobolds
  2 quokkas
  6 bats (D:1)
  4 frilled lizards
  5 rats
48 creatures vanquished.

Table legend:
 A = Non-vault XP
 B = Vault XP
 C = Vault XP percentage of total XP
 D = Non-vault monster count
 E = Vault monster count
 F = Vault count percentage of total count
                 A         B        C        D         E       F
            +---------+---------+-------+---------+---------+-------
      Total |     162 |       0 |   0.0 |      48 |       0 |   0.0
            +---------+---------+-------+---------+---------+-------
        D:1 |      29 |       0 |   0.0 |      20 |       0 |   0.0
        D:2 |      62 |       0 |   0.0 |      13 |       0 |   0.0
        D:3 |      36 |       0 |   0.0 |      14 |       0 |   0.0
        D:4 |      35 |       0 |   0.0 |       1 |       0 |   0.0
            +---------+---------+-------+---------+---------+-------

Illustrated notes

Table legend:
 A = Kills in this place as a percentage of kills in entire the game.
 B = Kills by you in this place as a percentage of kills by you in the entire game.
 C = Kills by friends in this place as a percentage of kills by friends in the entire game.
 D = Other kills in this place as a percentage of other kills in the entire game.
 E = Experience gained in this place as a percentage of experience gained in the entire game.
 F = Experience gained in this place divided by the number of levels of this place that you have seen.
                   A       B       C       D       E      F
               +-------+-------+-------+-------+-------+----------------------
         Total | 100.0 | 100.0 |   N/A |   N/A | 100.0 |  40.5
       Dungeon | 100.0 | 100.0 |   N/A |   N/A | 100.0 |  40.5
               +-------+-------+-------+-------+-------+----------------------

Table legend: (Time is in decaauts)
 A = Elapsed time spent in this place.
 B = Non-inter-level travel time spent in this place.
 C = Inter-level travel time spent in this place.
 D = Time resting spent in this place.
 E = Time spent auto-exploring this place.
 F = Levels seen in this place.
 G = Mean time per level.
                   A        B        C        D        E       F      G
               +--------+--------+--------+--------+--------+-----+--------+
         Total |   2180 |   2142 |     38 |      0 |   1841 |   4 |  545.0 |
       Dungeon |   2180 |   2142 |     38 |      0 |   1841 |   4 |  545.0 |
               +--------+--------+--------+--------+--------+-----+--------+

Top non-repeatable levels by time:
     D:1: 903 daAuts
     D:3: 740 daAuts
     D:2: 505 daAuts
     D:4: 32 daAuts
